 Dungeon Crawl Stone Soup version 0.29-a0-219-g0a02b1cf4f (webtiles) character file.

Game seed: 18384637105439020124

3494 tognito the Cleaver (level 9, -27/81 HPs)
             Began as a Minotaur Berserker on Feb 25, 2022.
             Was an Elder of Trog.
             Annihilated by a boulder beetle (36 damage)
             ... on level 7 of the Dungeon.
             The game lasted 00:14:38 (5679 turns).

tognito the Cleaver (Minotaur Berserker)            Turns: 5679, Time: 00:14:39

Health: -27/81     AC: 11    Str: 37 (38) XL:     9   Next: 80%
Magic:  8/8        EV: 12    Int:  3 (4)  God:    Trog [****..]
Gold:   371        SH:  0    Dex: 12      Spells: 8/8 levels left

rFire   . . .      SeeInvis .   a - +0 battleaxe
rCold   . . .      Faith    .   (shield currently unavailable)
rNeg    . . .      Spirit   .   u - +0 chain mail
rPois   .          Reflect  .   (helmet restricted)
rElec   .          Harm     .   F - +2 cloak {Stlth+}
rCorr   .          Rampage  .   (no gloves)
Will    .....      Rage     1%  l - +0 pair of boots
Stlth   ..........              (no amulet)
HPRegen 0.23/turn               e - +6 ring of strength
MPRegen 0.11/turn               B - +6 ring of strength

@: mighty, on berserk cooldown, slowed, very slow
A: horns 2, retaliatory headbutt, agile 1, berserk 1, deformed body, passive
freeze, devolution 1
a: Renounce Religion, Berserk, Trog's Hand, Brothers in Arms


You were on level 7 of the Dungeon.
You worshipped Trog.
Trog was greatly pleased with you.
You visited 1 branch of the dungeon, and saw 7 of its levels.

You collected 371 gold pieces.

Inventory:

Hand Weapons
 a - a +0 battleaxe (weapon)
 b - the +2 war axe of Cyvirano {speed, rPois Will- Str+2}
   (You found it on level 4 of the Dungeon)

   Attacks with this weapon are significantly faster.
   Str:       It affects your strength (+2).
   rPois:     It protects you from poison.
   Will:      It decreases your willpower.
 c - the +9 mace "Siguam" {flame, rF++ Dex+4 Stlth-}
   (You found it on level 6 of the Dungeon)

   It burns those it strikes, dealing additional fire damage.
   Dex:       It affects your dexterity (+4).
   rF:        It greatly protects you from fire.
   Stlth:     It makes you less stealthy.
 i - a +1 mace of protection
Missiles
 r - a throwing net
 D - 7 boomerangs
 H - 7 poisoned darts
Armour
 l - a +0 pair of boots (worn)
 u - a +0 chain mail (worn)
 F - a +2 cloak of stealth (worn)
Jewellery
 e - a +6 ring of strength (left hand)
 t - a +4 ring of evasion
 B - a +6 ring of strength (right hand)
 G - the ring of Tuhyge {Ice Will+ rCorr}
   (You found it on level 6 of the Dungeon)

   [ring of ice]

   It enhances your ice magic.
   rF:        It makes you vulnerable to fire.
   rC:        It protects you from cold.
   rCorr:     It protects you from acid and corrosion.
   Will:      It increases your willpower.
Wands
 q - a wand of flame (51)
 v - a wand of polymorph (3) (quivered)
Scrolls
 d - a scroll of enchant weapon {unknown}
 g - 3 scrolls of teleportation {unknown}
 h - 3 scrolls of holy word {unknown}
 j - a scroll of fear {unknown}
 k - 2 scrolls of fog {unknown}
 m - a scroll of summoning {unknown}
 n - a scroll of vulnerability {unknown}
 p - 3 scrolls of identify
 w - 2 scrolls of noise {unknown}
 y - a scroll of brand weapon {unknown}
 z - 2 scrolls of blinking {unknown}
 E - a scroll of enchant armour {unknown}
Potions
 o - 8 potions of curing
 s - a potion of cancellation
 x - 2 potions of flight
 A - 3 potions of might
 C - a potion of invisibility


   Skills:
 + Level 7.9 Fighting
 * Level 10.4 Axes
 + Level 5.5 Throwing
 + Level 7.1 Armour
 + Level 6.6 Dodging


You had 8 spell levels left.
You didn't know any spells.
Your spell library contained the following spells:

 Spells                   Type           Power      Damage    Failure   Level
 Magic Dart               Conj           0%         1d3       90%         1
 Call Imp                 Summ           0%         N/A       97%         2
 Mephitic Cloud           Conj/Pois/Air  0%         N/A       99%         3
 Summon Guardian Golem    Hex/Summ       0%         N/A       99%         3
 Freezing Cloud           Conj/Ice/Air   0%         6-21      100%        5
 Simulacrum               Ice/Necr       0%         N/A       100%        6
 Orb of Destruction       Conj           0%         9d5       100%        7
 Spellforged Servitor     Conj/Summ      0%         N/A       100%        7
 Polar Vortex             Ice            0%         N/A       100%        9


Dungeon Overview and Level Annotations

Branches:
Dungeon (7/15)
 Temple: D:4-7

Altars:
Uskayaw


Innate Abilities, Weirdness & Mutations

You have a pair of horns on your head.
You reflexively headbutt those who attack you in melee.
You are agile. (Dex +2)
You tend to lose your temper in combat.
Armour fits poorly on your strangely shaped body.
A frigid envelope surrounds you and freezes all who hurt you.
You have hidden genetic defects.


Message History

You are exhausted.
You feel yourself slow down.
A boulder beetle is nearby!
The boulder beetle bites you.
The boulder beetle is very cold.
The boulder beetle is severely wounded.
You hit the boulder beetle.
The boulder beetle is severely wounded.
The boulder beetle bites you but does no damage.
The boulder beetle is very cold.
The boulder beetle is severely wounded.
The boulder beetle closely misses you. You furiously retaliate!
You headbutt the boulder beetle.
You feel a genetic drift.
Your body twists and deforms.
You hit the boulder beetle but do no damage.
The boulder beetle is severely wounded.
The boulder beetle bites you.
The boulder beetle is very cold.
The boulder beetle is almost dead.
The boulder beetle leaps!
The boulder beetle bites you but does no damage.
The boulder beetle is very cold.
The boulder beetle is almost dead.
Things that are here:
a +0 shortbow; a vampire mosquito corpse; a centaur corpse You hit the boulder beetle but do no damage.
You headbutt the boulder beetle.
The boulder beetle is almost dead.
The boulder beetle bites you!!
The boulder beetle is very cold.
The boulder beetle is almost dead.
The boulder beetle bites you!!
* * * LOW HITPOINT WARNING * * *
The boulder beetle is very cold.
The boulder beetle is almost dead.
You're still recovering from your berserk rage.
You hit the boulder beetle.
The boulder beetle is almost dead.
The boulder beetle leaps!
The boulder beetle curls into a ball and begins rolling!
You feel very mighty all of a sudden. The boulder beetle hits you!!!
You die...

##..# #)#####.#####.###.#
.....###.#.#.#.#.#.#.# #.#
........†##.......##..##.#
..........#....###..#..##.#
.#.....###.##...#.#.##.....#
.... #....##.##.○..###.# ###
#.##.#$#..°##.. ...
#.#..###)°..# #.##.@B○○..##
..#.#.#)#.#.# #######.#####
#.# #.# .#. . # . .#


You could see a boulder beetle (rolling).

Vanquished Creatures
  The ghost of Ajdolov the Frost Mage, a novice OgIE of Vehumet (D:6)
  A slime creature (D:7)
  Sigmund (D:2)
  A shadow (D:7)
  3 vampire mosquitoes (D:7)
  Edmund (D:6)
  2 water moccasins
  An ice beast (D:5)
  3 centaurs
  A kobold brigand (D:7)
  3 bullfrogs (D:6)
  Blork the orc (D:6)
  2 scorpions
  An electric eel (D:6)
  3 hounds
  2 jellies (D:6)
  Crazy Yiuf (D:6)
  8 orc priests
  Ijyb (D:3)
  6 iguanas
  5 orc wizards
  Robin (D:2)
  5 adders
  2 shadow imps
  2 white imps (D:6)
  An ufetubus (D:4)
  3 worms
  A dart slug (D:2)
  17 orcs
  5 ball pythons
  6 endoplasms
  4 giant cockroaches
  15 goblins
  12 hobgoblins
  10 jackals
  14 kobolds
  4 quokkas
  11 bats
  2 frilled lizards (D:2)
  4 rats
167 creatures vanquished.

Vanquished Creatures (others)
  4 plants (D:6)
4 creatures vanquished.

Grand Total: 171 creatures vanquished

Notes
Turn   | Place    | Note
-------+----------+-------------------------------------------
     0 | D:1      | tognito the Minotaur Berserker began the quest for the Orb.
     0 | D:1      | Reached XP level 1. HP: 19/19 MP: 0/0
   284 | D:1      | Reached XP level 2. HP: 27/27 MP: 1/1
   370 | D:1      | Reached skill level 4 in Axes
   627 | D:1      | Reached skill level 1 in Throwing
   627 | D:1      | Reached XP level 3. HP: 33/33 MP: 2/2
   627 | D:1      | Reached ** piety under Trog
  1183 | D:2      | Noticed Sigmund
  1190 | D:2      | Killed Sigmund
  1191 | D:2      | Reached skill level 5 in Axes
  1191 | D:2      | Reached XP level 4. HP: 41/41 MP: 3/3
  1191 | D:2      | Reached XP level 5. HP: 47/47 MP: 4/4
  1245 | D:2      | Noticed Robin
  1282 | D:2      | Killed Robin
  1660 | D:2      | Reached XP level 6. HP: 52/53 MP: 5/5
  1948 | D:3      | Noticed Ijyb
  2168 | D:3      | Killed Ijyb
  2169 | D:3      | Reached skill level 5 in Fighting
  2322 | D:3      | Reached *** piety under Trog
  2462 | D:4      | Reached skill level 6 in Axes
  2592 | D:4      | Identified the +2 war axe of Cyvirano {speed, rPois Will-
                  | Str+2}
  2710 | D:4      | Reached XP level 7. HP: 61/61 MP: 6/6
  2925 | D:4      | You fall into a shaft and drop 2 floors!
  3004 | D:5      | Entered Level 5 of the Dungeon
  3011 | D:5      | Reached skill level 7 in Axes
  3133 | D:5      | Reached skill level 5 in Armour
  3449 | D:4      | Reached XP level 8. HP: 70/70 MP: 7/7
  3946 | D:5      | Reached **** piety under Trog
  4401 | D:6      | Noticed Edmund
  4409 | D:6      | Killed Edmund
  4410 | D:6      | Reached skill level 8 in Axes
  4542 | D:6      | Reached skill level 5 in Dodging
  4557 | D:6      | Noticed Ajdolov's ghost (novice OgIE)
  4560 | D:6      | Found a runed translucent door.
  4563 | D:6      | Noticed Blork the orc
  4570 | D:6      | Killed Blork the orc
  4620 | D:6      | Identified the ring of Tuhyge {Ice Will+ rCorr}
  4674 | D:6      | Found a transporter.
  4702 | D:6      | Found a transporter.
  4720 | D:6      | Gained mutation: You have hidden genetic defects. [potion
                  | of mutation]
  4720 | D:6      | Gained mutation: A frigid envelope surrounds you and
                  | freezes all who hurt you. [potion of mutation]
  4720 | D:6      | Gained mutation: You are agile. (Dex +2) [potion of
                  | mutation]
  4928 | D:6      | Found a runed translucent door.
  4931 | D:6      | Identified the +9 mace "Siguam" {flame, rF++ Dex+4 Stlth-}
  4935 | D:6      | Noticed Crazy Yiuf
  4949 | D:6      | Killed Crazy Yiuf
  4974 | D:6      | Found the +7 sceptre of Torment {pain, torment}
  5172 | D:6      | Found a hide-covered altar of Uskayaw.
  5175 | D:6      | Noticed a +0 hand axe
  5176 | D:6      | Noticed a +0 dagger
  5226 | D:6      | Killed Ajdolov's ghost
  5227 | D:6      | Reached skill level 9 in Axes
  5227 | D:6      | Reached XP level 9. HP: 79/79 MP: 8/8
  5234 | D:6      | Gained mutation: You tend to lose your temper in combat.
                  | [hidden defects]
  5492 | D:7      | Reached skill level 5 in Throwing
  5646 | D:7      | Noticed a boulder beetle
  5646 | D:7      | Gained mutation: You have terrible hidden genetic defects.
                  | [hidden defects]
  5646 | D:7      | Lost mutation: You have terrible hidden genetic defects.
                  | [hidden defects expressed]
  5652 | D:7      | Reached skill level 10 in Axes
  5672 | D:7      | Gained mutation: Armour fits poorly on your strangely
                  | shaped body. [hidden defects]
  5679 | D:7      | Annihilated by a boulder beetle

Illustrated notes

Levels and vault maps discovered:
D:1:      lordsloth_arrival_two_stooges, layout_basic
D:2:      layout_loops_ring, hex_large, minmay_octomino_c4, uniq_robin,
          uniq_sigmund
D:3:      layout_basic, uniq_ijyb
D:4:      layout_basic
D:5:      layout_basic
D:6:      gammafunk_steamed_eel, layout_loops_ring, dancing_weapons_uskayaw,
          hellmonk_ghost_happy_afterlife, corexii_corridor_pit,
          kennysheep_crisscross, uniq_blork_the_orc, uniq_edmund,
          uniq_crazy_yiuf_cottage
D:7:      minmay_the_grid_plus [minmay_the_grid_all_tris,
          minmay_the_grid_tiny_cups, minmay_the_grid_gridbox,
          minmay_the_grid_dragon_a, minmay_the_grid_prize_trominoes],
          layout_loops_ring, minmay_temple_entry_tees, uniq_joseph

Skill      XL: |  1  2  3  4  5  6  7  8  9 |
---------------+----------------------------+-----
Axes           | 4 5 6 7 9 10 | 10.4
Fighting       | 4 5 7 |  7.9
Throwing       | 1 2 3 4 5 |  5.5
Armour         | 3 4 5 6 7 |  7.1
Dodging        | 3 4 5 6 |  6.6

Action                   |  1- 3 |  4- 6 |  7- 9 || total
-------------------------+-------+-------+-------++-------
Melee: Hand axe          |    39 |       |       ||    39
       Mace              |    41 |    94 |       ||   135
       Headbutt          |     5 |    13 |    32 ||    50
       War axe           |       |    27 |    17 ||    44
       Punch             |       |     1 |     1 ||     2
       Battleaxe         |       |       |   144 ||   144
Throw: Boomerang         |       |       |    13 ||    13
       Throwing net      |       |       |     2 ||     2
Invok: Berserk           |     1 |       |     3 ||     4
Evoke: Wand              |       |       |     4 ||     4
  Use: Potion            |     3 |     1 |     9 ||    13
       Scroll            |       |       |     1 ||     1
Armor: Ring mail         |    43 |    24 |       ||    67
       Chain mail        |       |    45 |    63 ||   108
       Skin              |       |     4 |       ||     4
Dodge: Dodged            |    56 |    64 |    92 ||   212

Table legend: (Time is in decaauts)
 A = Elapsed time spent in this place.
 B = Non-inter-level travel time spent in this place.
 C = Inter-level travel time spent in this place.
 D = Time resting spent in this place.
 E = Time spent auto-exploring this place.
 F = Levels seen in this place.
 G = Mean time per level.
                   A        B        C        D        E       F      G
               +--------+--------+--------+--------+--------+-----+--------+
         Total |   5753 |   5563 |    190 |     38 |   4348 |   7 |  821.9 |
       Dungeon |   5753 |   5563 |    190 |     38 |   4348 |   7 |  821.9 |
               +--------+--------+--------+--------+--------+-----+--------+

Top non-repeatable levels by time:
     D:6: 1199 daAuts
     D:4: 1117 daAuts
     D:2: 1081 daAuts
     D:5: 747 daAuts
     D:1: 706 daAuts
     D:3: 694 daAuts
     D:7: 206 daAuts
